 Dungeon Crawl Stone Soup version 0.30-a0-718-geaa24f58ff (webtiles) character file.

Game seed: 11937007326890636425

865 mandarbmax the Skirmisher (level 8, -1/57 HPs)
             Began as a Barachi Hunter on Jan 26, 2023.
             Slain by an ufetubus (2 damage)
             ... on level 5 of the Dungeon.
             The game lasted 00:11:04 (3589 turns).

mandarbmax the Skirmisher (Barachi Hunter)          Turns: 3589, Time: 00:11:05

Health: -1/57      AC:  5    Str: 13      XL:     8   Next: 3%
Magic:  8/8        EV: 12    Int:  6 (9)  God:
Gold:   343        SH:  0    Dex: 15 (18) Spells: 4/7 levels left

rFire   . . .      SeeInvis .    a - +0 shortbow (heavy)
rCold   . . .      Faith    .    (shield currently unavailable)
rNeg    . . .      Spirit   .    c - +0 leather armour
rPois   .          Reflect  .    t - +1 helmet
rElec   .          Harm     +    s - scarf {harm}
rCorr   .          Rampage  .    (no gloves)
Will    .....                    (no boots)
Stlth   +                        (no amulet)
HPRegen 0.29/turn                (no ring)
MPRegen 0.11/turn                (no ring)

@: unable to hop, slow
A: amphibious, slowness 1, strong legs 1, +LOS, deterioration 1
a: Hop


You were on level 5 of the Dungeon.
You visited 1 branch of the dungeon, and saw 5 of its levels.
You also visited: Sewer.

You collected 343 gold pieces.

Inventory:

Hand Weapons
 a - a +0 heavy shortbow (weapon)
Armour
 c - a +0 leather armour (worn)
 s - a scarf of harm (worn)
 t - a +1 helmet (worn)
Wands
 o - a wand of flame (14)
Scrolls
 b - a scroll of immolation
 d - 3 scrolls of teleportation
 h - a scroll of vulnerability
 j - a scroll of amnesia
 p - a scroll of magic mapping
Potions
 e - a potion of haste
 f - a potion of berserk rage
 g - 2 potions of mutation
 i - a potion of lignification
 k - a potion of flight
 l - 3 potions of curing
 n - 2 potions of attraction
 r - a potion of cancellation
 u - a potion of degeneration


   Skills:
 - Level 2.4 Fighting
 + Level 9.7 Ranged Weapons
 - Level 2.1 Dodging
 - Level 0.8 Stealth


You had 4 spell levels left.
You knew the following spells:

 Your Spells              Type           Power      Damage    Failure   Level
a - Portal Projectile     Hex/Tloc       0%         N/A       88%         3

Your spell library contained the following spells:

 Spells                   Type           Power      Damage    Failure   Level
 Static Discharge         Conj/Air       0%         2-2/arc   67%         2
 Tukima's Dance           Hex            0%         N/A       88%         3
 Vhi's Electric Charge    Tloc/Air       0%         N/A       88%         3
 Arcjolt                  Conj/Air       0%         1d10      100%        5
 Blade Hands              Tmut           0%         N/A       100%        5
 Lightning Bolt           Conj/Air       0%         1d11      100%        5


Dungeon Overview and Level Annotations

Branches:
Dungeon (5/15)              Sewer (visited)
 Temple: D:4-7

Altars:

Annotations:
D:4 2 transporters, seaofthunder's ghost, amateur HOFi


Innate Abilities, Weirdness & Mutations

You are amphibious.
You cover ground slowly.
You can hop short distances.
You have an extended range of vision and can be seen from far away.
Your body sometimes deteriorates upon taking damage.


Message History

Press: ? - help, Dir - move target, p - ufetubus Boing!
Okay, then.
It was a potion of heal wounds.
You feel much better.
Fire: a) +0 shortbow (heavy)
Press: ? - help, Q - select action, (/) - cycle Shift-Dir - straight line, f - orc warrior
Aim: an orc warrior, wielding a +0 trident and wearing a +0 plate armour (heavily wounded, 64% to hit)
You shoot an arrow. The arrow misses the ufetubus.
The arrow barely misses the orc warrior.
The ufetubus barely misses you.
The ufetubus hits you but does no damage. x3
Fire: a) +0 shortbow (heavy)
Press: ? - help, Q - select action, (/) - cycle Shift-Dir - straight line, f/p - orc warrior
Aim: an orc warrior, wielding a +0 trident and wearing a +0 plate armour (heavily wounded, 64% to hit)
You shoot an arrow. The arrow closely misses the ufetubus.
The arrow completely misses the orc warrior.
The ufetubus hits you. The ufetubus closely misses you.
The orc warrior completely misses you. The ufetubus misses you. x2
The orc warrior hits you from afar with a +0 trident!!
* * * LOW HITPOINT WARNING * * *
Unknown command.
As you read the scroll of fear, it crumbles to dust.
You assume a fearsome visage.
The ufetubus looks frightened!
The orc warrior looks frightened!
Cornered, the ufetubus turns to fight!
The ufetubus closely misses you. x2
Fire: a) +0 shortbow (heavy)
Press: ? - help, Q - select action, (/) - cycle Shift-Dir - straight line, p - orc warrior You shoot an arrow.
The arrow misses the ufetubus.
The ufetubus barely misses you. The ufetubus hits you.
* * * LOW HITPOINT WARNING * * *
The ufetubus closely misses you. The ufetubus barely misses you.
Fire: a) +0 shortbow (heavy)
Press: ? - help, Q - select action, (/) - cycle Shift-Dir - straight line, f - ufetubus
Aim: an ufetubus (48% to hit)
You shoot an arrow. The arrow closely misses the ufetubus.
The ufetubus hits you.
* * * LOW HITPOINT WARNING * * *
The ufetubus hits you but does no damage.
The ufetubus closely misses you. The ufetubus hits you.
You die...

##.# #..# ##.## . #..# ..
..## ... ..##### ....
......###### .....
...........########### ......
.........#.##...@5...#.......
..####..........####.........
<...####......####..o†.o#....
......####..####.......$# .
........######.........##
........# #....$.....
......### ###....#.)..
....### ###.. #.... ..### ###
....)


You could see an orc warrior (fleeing) and an ufetubus.

Vanquished Creatures
  Grinder (D:3)
  2 ogres (D:4)
  A phantom (D:4)
  A centaur (D:4)
  A scorpion (D:4)
  A howler monkey (D:5)
  A jelly (D:5)
  An iguana (D:4)
  Robin (D:3)
  7 adders
  3 river rats (Sewer)
  An ufetubus (D:4)
  A worm (D:4)
  2 dart slugs
  2 orcs (D:5)
  9 endoplasms
  6 giant cockroaches
  9 hobgoblins
  5 jackals
  6 kobolds
  5 quokkas
  6 ball pythons
  5 bats
  9 frilled lizards
  11 goblins
  7 rats
104 creatures vanquished.

Notes
Turn   | Place    | Note
-------+----------+-------------------------------------------
     0 | D:1      | mandarbmax the Barachi Hunter began the quest for the Orb.
     0 | D:1      | Reached XP level 1. HP: 17/17 MP: 1/1
   155 | D:1      | Reached XP level 2. HP: 23/23 MP: 2/2
   346 | D:1      | Reached XP level 3. HP: 26/28 MP: 3/3
   361 | D:1      | Reached skill level 5 in Ranged Weapons
   640 | D:2      | Found a faded altar of an unknown god.
   718 | D:2      | Reached XP level 4. HP: 34/34 MP: 4/4
  1576 | D:3      | Reached skill level 6 in Ranged Weapons
  1594 | D:3      | Noticed Robin
  1599 | D:3      | Killed Robin
  1600 | D:3      | Reached XP level 5. HP: 26/39 MP: 5/5
  1853 | D:3      | Noticed Grinder
  1856 | D:3      | Paralysed by Grinder for 4 turns
  1861 | D:3      | Gained mutation: Your body sometimes deteriorates upon
                  | taking damage. [potion of mutation]
  1881 | D:3      | Killed Grinder
  1882 | D:3      | Reached skill level 7 in Ranged Weapons
  1882 | D:3      | Reached XP level 6. HP: 30/46 MP: 6/6
  2115 | D:4      | Found the +8 trident of the Octopus King {venom, rElec
                  | rPois}
  2138 | D:4      | Learned a level 3 spell: Portal Projectile
  2181 | D:4      | Found a transporter.
  2181 | D:4      | Noticed seaofthunder's ghost (amateur HOFi)
  2199 | D:4      | Reached skill level 8 in Ranged Weapons
  2200 | D:4      | Found a transporter.
  2420 | D:4      | Reached XP level 7. HP: 34/51 MP: 7/7
  2466 | D:4      | Found a glowing drain.
  2485 | Sewer    | Entered a sewer
  3142 | D:4      | Reached skill level 9 in Ranged Weapons
  3523 | D:5      | Entered Level 5 of the Dungeon
  3580 | D:5      | Reached XP level 8. HP: 34/57 MP: 8/8
  3589 | D:5      | HP: 1/57 [ufetubus (4)]
  3589 | D:5      | Slain by an ufetubus

Illustrated notes

Levels and vault maps discovered:
D:1:      dpeg_arrival_stone_temple_mockup, layout_basic
D:2:      layout_basic, nicolae_ecumenical_snake_handling, minmay_quadrilaterals
D:3:      layout_basic, minmay_misc_feat_cross, uniq_grinder, uniq_robin
D:4:      layout_loops_cross, cheibrodos_sewer_entry_bend,
          gammafunk_ghost_arena, nicolae_elevator_lobby_plus
D:5:      corexii_shantytown, layout_cave_pods, minmay_misc_feat_x, uniq_pikel,
          uniq_menkaure, uniq_edmund

Skill      XL: |  1  2  3  4  5  6  7 |
---------------+----------------------+-----
Ranged Weapons | 5 6 7 8 9 |  9.7
Fighting       | |  2.4
Dodging        | |  2.1
Stealth        | |  0.8

Action                     |  1- 3 |  4- 6 |  7- 9 || total
---------------------------+-------+-------+-------++-------
  Melee: Unarmed           |       |       |     6 ||     6
   Fire: Shortbow          |    82 |   116 |   106 ||   304
Ability: Hop               |       |     1 |     1 ||     2
  Evoke: Wand              |       |     2 |       ||     2
    Use: Scroll            |       |    13 |     4 ||    17
         Potion            |       |     1 |     3 ||     4
 Armour: Leather armour    |     5 |    11 |    18 ||    34
  Dodge: Dodged            |    24 |    22 |    45 ||    91

Table legend: (Time is in decaauts)
 A = Elapsed time spent in this place.
 B = Non-inter-level travel time spent in this place.
 C = Inter-level travel time spent in this place.
 D = Time resting spent in this place.
 E = Time spent auto-exploring this place.
 F = Levels seen in this place.
 G = Mean time per level.
                   A        B        C        D        E       F      G
               +--------+--------+--------+--------+--------+-----+--------+
         Total |   4193 |   4001 |    192 |    136 |   2846 |   6 |  698.8 |
       Dungeon |   3664 |   3472 |    192 |      0 |   2569 |   5 |  732.8 |
         Sewer |    529 |    529 |      0 |    136 |    277 |   1 |  529.0 |
               +--------+--------+--------+--------+--------+-----+--------+

Top non-repeatable levels by time:
     D:4: 1088 daAuts
     D:3: 1004 daAuts
     D:2: 750 daAuts
     D:1: 737 daAuts
   Sewer: 529 daAuts
     D:5: 83 daAuts
